 Dungeon Crawl Stone Soup version 0.31-a0-460-g9e667d4245 (webtiles) character file.

Game seed: 5038759316633870131

655 Gelion the Changeling (level 7, -19/47 HPs)
             Began as an Octopode Shapeshifter on Aug 5, 2023.
             Was an Initiate of Gozag.
             Demolished by a gnoll
             ... wielding a +0 halberd
             ... led by a gnoll bouda
              (40 damage)
             ... on level 5 of the Dungeon.
             The game lasted 00:05:02 (3831 turns).

Gelion the Changeling (Octopode Shapeshifter)       Turns: 3831, Time: 00:05:03

Health: -19/47     AC:  8    Str: 20    XL:     7   Next: 54%
Magic:  7/7        EV:  2    Int: 11    God:    Gozag
Gold:   273        SH:  0    Dex: 20    Spells: 6/6 levels left

rFire   . . .        g - +2 dagger (protect)
rCold   . . .        (no shield)
rNeg    . . .        (helmet currently unavailable)
rPois   .            (no amulet)
rElec   .            n - +6 ring of strength
rCorr   +            r - ring of resist corrosion
SInv    .            s - +6 ring of dexterity
Will    .....        (no ring)
Stlth   +++          (no ring)
HPRegen 0.27/turn    (no ring)
MPRegen 0.10/turn    (no ring)
                     (no ring)

%: no passive effects
@: beast-form, sleeping, gold aura, under a protective aura
A: beast (slay +3), almost no armour, amphibious, 8 rings, camouflage 1,
gelatinous body 1, (nimble swimmer 1), tentacles
a: Begin Untransformation, Renounce Religion, Potion Petition, Call Merchant,
Bribe Branch


You were on level 5 of the Dungeon.
You worshipped Gozag.
Gozag was aware of your devotion.
You were a hulking beast.
You visited 2 branches of the dungeon, and saw 6 of its levels.

You collected 357 gold pieces.
You paid 84 gold pieces to Gozag.

Inventory:

Hand Weapons
 g - a +2 dagger of protection (weapon)
Armour
 y - a +0 tower shield
Jewellery
 n - a +6 ring of strength (left tentacle)
 r - a ring of resist corrosion (right tentacle)
 s - a +6 ring of dexterity (on tentacle)
Talismans
 b - a beast talisman (active)
Wands
 p - a wand of polymorph (10)
 u - a wand of flame (31)
Scrolls
 c - a scroll of enchant weapon {unknown}
 d - a scroll of amnesia {unknown}
 f - 2 scrolls of teleportation
 i - 2 scrolls of butterflies {unknown}
 j - 4 scrolls of blinking {unknown}
 o - 2 scrolls of vulnerability {unknown}
 q - a scroll of brand weapon {unknown}
 t - a scroll of identify
Potions
 a - a potion of lignification
 e - 2 potions of cancellation
 h - a potion of might {unknown}
 k - a potion of enlightenment {unknown}
 l - a potion of brilliance {unknown}
 m - a potion of haste {unknown}
 v - a potion of heal wounds {unknown}
 w - a potion of mutation {unknown}
 x - a potion of attraction {unknown}


   Skills:
 + Level 3.9 Fighting
 - Level 2.0 Dodging
 + Level 4.9 Unarmed Combat
 * Level 5.6 Shapeshifting


You had 6 spell levels left.
You didn't know any spells.
Your spell library contained the following spells:

 Spells                   Type           Power      Damage    Failure   Level
 Ignite Poison            Fire/Tmut/Pois 0%         N/A       71%         3
 Sticky Flame             Conj/Fire      0%         2d3       98%         4
 Iskenderun's Battlesphe  Conj           0%         2d6       100%        5
 Leda's Unmaking          Conj/Erth      0%         9d1       100%        6
 Spellforged Servitor     Conj/Summ      0%         N/A       100%        7
 Ignition                 Fire           0%         3d3       100%        8


Dungeon Overview and Level Annotations

Branches:
Dungeon (5/15)             Temple (1/1) D:4

Altars:
Cheibriados
Elyvilon
Fedhas
Gozag
Hepliaklqana
Makhleb
Nemelex Xobeh
Okawaru
Sif Muna
Trog
Uskayaw
Vehumet
Wu Jian
Yredelemnul
Zin
The Shining One


Innate Abilities, Weirdness & Mutations

You are a hulking beast.
Your limbs bulge with bestial killing power. (Slay +3)
You cannot wear most types of armour.
You are amphibious.
You can wear up to eight rings at the same time.
Your skin changes colour to match your surroundings (Stealth+).
Your rubbery body absorbs attacks. (AC +1, EV +1)
((You are camouflaged when in or above water. (Stealth+)))
You have tentacles for arms and can constrict up to eight enemies at once.


Message History

The gnoll is distracted by your dazzling golden aura.
The gnoll shouts!
You hit the gnoll but do no damage.
The gnoll is no longer distracted by gold.
You grab the gnoll. You tentacle-slap the gnoll.
The gnoll is almost dead.
You constrict the gnoll.
You kill the gnoll!
The gnoll is no longer moving quickly.
The gnoll hits you from afar with a +0 halberd.
Things that are here:
7 gold pieces; a +0 spear You barely miss the gnoll.
The gnoll is no longer distracted by gold.
You grab the gnoll.
You squeeze the gnoll, but do no damage.
You constrict the gnoll. The gnoll completely misses you.
The gnoll hits you with a +0 whip.
You puncture the gnoll!
You kill the gnoll!
The gnoll hits you from afar with a +0 halberd!
A sleepcap comes into view.
The gnoll misses you.
Things that are here:
6 gold pieces; a +0 whip You hit the gnoll.
You grab the gnoll.
The gnoll is moderately wounded.
You constrict the gnoll. The gnoll hits you with a +0 halberd.
The sleepcap releases spores at you but does no damage.
You hit the gnoll.
The gnoll is heavily wounded.
You constrict the gnoll. The gnoll misses you.
The sleepcap releases spores at you.
You are engulfed in a cloud of soporific spores!
You fall asleep.
You lose your grip on the gnoll.
The gnoll hits you with a +0 halberd!!!
Ouch! That really hurt!
You die...
Your body crumbles into a pile of gold.

....# #.# #..# #.##
#.# #.##.##.### #+#
#.##...$..# #.#
#.#####.#.# #.# #.#
#.#.# ##.##
#.#####f# #
..###...###.$.$$hg#
#..........########
#####...##.########
##.###......... #.#
########## #.# #.#
#.# #.#


You could see a sleepcap and a gnoll.

Vanquished Creatures
  Eustachio (D:4)
  2 scorpions (D:5)
  A water moccasin zombie (D:3)
  A gnoll bouda (D:5)
  An orc priest (D:4)
  An iguana (D:4)
  2 orc wizards (D:4)
  Terence (D:3)
  2 hound zombies (D:3)
  4 gnolls (D:5)
  3 adders
  A worm (D:2)
  3 dart slugs
  4 orcs
  6 endoplasms
  2 giant cockroaches
  6 goblins
  8 hobgoblins
  11 kobolds
  5 quokkas
  12 ball pythons
  4 bats
  2 frilled lizards
  A jackal zombie (D:3)
  3 rats (D:1)
87 creatures vanquished.

Notes
Turn   | Place    | Note
-------+----------+-------------------------------------------
     0 | D:1      | Gelion the Octopode Shapeshifter began the quest for the
                  | Orb.
     0 | D:1      | Reached XP level 1. HP: 13/13 MP: 1/1
   140 | D:1      | Reached XP level 2. HP: 18/18 MP: 2/2
   260 | D:1      | Found a faded altar of an unknown god.
   479 | D:1      | Reached XP level 3. HP: 21/23 MP: 3/3
  1197 | D:2      | Reached XP level 4. HP: 29/29 MP: 4/4
  2359 | D:3      | Reached skill level 4 in Shapeshifting
  2361 | D:3      | Found a basalt altar of Yredelemnul.
  2370 | D:3      | Reached XP level 5. HP: 27/35 MP: 5/5
  2402 | D:3      | Noticed Terence
  2411 | D:3      | Killed Terence
  2471 | D:3      | Found a burning altar of Makhleb.
  2724 | D:4      | Reached XP level 6. HP: 23/41 MP: 6/6
  2901 | D:4      | Noticed Eustachio
  2917 | D:4      | Killed Eustachio
  2974 | D:4      | Reached skill level 5 in Shapeshifting
  3051 | D:4      | Reached XP level 7. HP: 46/46 MP: 7/7
  3063 | D:4      | Found a staircase to the Ecumenical Temple.
  3075 | Temple   | Entered the Ecumenical Temple
  3085 | Temple   | Became a worshipper of Gozag Ym Sagoz the Greedy
  3535 | D:5      | Entered Level 5 of the Dungeon
  3831 | D:5      | Demolished by a gnoll

Illustrated notes

Levels and vault maps discovered:
D:1:      lightli_arrival_farm, layout_basic, chequers_ecumenical_altar_simple
D:2:      layout_basic, serial_glass, glass_columns_a, glass_columns_b,
          glass_columns_a, glass_columns_a, glass_columns_b
D:3:      layout_loops_cross, mainiacjoe_overflow_catwalk,
          nicolae_yredelemnul_corpse_copse, uniq_terence
D:4:      layout_loops_cross, minmay_temple_entry_proselytizer,
          kennysheep_generic_room_15, uniq_eustachio
D:5:      layout_loops_corners
Temple:   eino_temple_water

Skill      XL: |  1  2  3  4  5  6 |
---------------+-------------------+-----
Fighting       | 2 3 |  3.9
Shapeshifting  | 4 5 |  5.6
Unarmed Combat | 4 |  4.9
Dodging        | |  2.0

Action                     |  1- 3 |  4- 6 |  7- 9 || total
---------------------------+-------+-------+-------++-------
  Melee: Unarmed           |    28 |       |       ||    28
         Constrict         |    17 |    17 |    11 ||    45
         Dagger            |    36 |    78 |    32 ||   146
         Tentacles         |     8 |    14 |     6 ||    28
         Punch             |     1 |     1 |     2 ||     4
    Use: Scroll            |       |     5 |       ||     5
   Stab: Sleeping          |     7 |     8 |     4 ||    19
         Distracted        |       |     1 |       ||     1
 Armour: Skin              |     7 |    27 |     8 ||    42
  Dodge: Dodged            |    45 |    50 |    16 ||   111

Table legend: (Time is in decaauts)
 A = Elapsed time spent in this place.
 B = Non-inter-level travel time spent in this place.
 C = Inter-level travel time spent in this place.
 D = Time resting spent in this place.
 E = Time spent auto-exploring this place.
 F = Levels seen in this place.
 G = Mean time per level.
                   A        B        C        D        E       F      G
               +--------+--------+--------+--------+--------+-----+--------+
         Total |   3826 |   3685 |    141 |     50 |   3081 |   6 |  637.7 |
       Dungeon |   3805 |   3682 |    123 |     50 |   3081 |   5 |  761.0 |
        Temple |     20 |      2 |     18 |      0 |      0 |   1 |   20.0 |
               +--------+--------+--------+--------+--------+-----+--------+

Top non-repeatable levels by time:
     D:2: 964 daAuts
     D:1: 922 daAuts
     D:3: 813 daAuts
     D:4: 809 daAuts
     D:5: 295 daAuts
  Temple: 20 daAuts
